 Dungeon Crawl Stone Soup version 0.24-a0-408-gcc1054c7ca (webtiles) character file.

Game seed: 8372428483870739629

51417 Lanoc the Carver (level 14, -15/127 HPs)
             Began as a Ghoul Berserker on June 5, 2019.
             Was the Champion of Trog.
             Killed from afar by a lindwurm (42 damage)
             ... with a blast of flame
             ... on level 6 of the Lair of Beasts.
             The game lasted 00:41:27 (16670 turns).

Lanoc the Carver (Ghoul Berserker)                 Turns: 16670, Time: 00:41:28

Health: -15/127    AC: 22    Str: 31    XL:     14   Next: 59%
Magic:  13/13      EV: 13    Int: 10    God:    Trog [******]
Gold:   1109       SH:  7    Dex: 10    Spells: 13/13 levels left

rFire    . . .     SeeInvis .   v - +10 short sword of Forced Transition {venom, Str+7 Dex-5}
rCold    + + .     Gourm    .   O - +0 buckler
rNeg     + + +     Faith    .   m - +3 chain mail {rPois}
rPois    ∞         Spirit   .   r - +2 helmet
rElec    +         Reflect  +   A - +1 cloak "Hysoab" {rElec}
rCorr    .         Harm     .   (no gloves)
MR       +++..                  P - +0 pair of boots of the Nexus {Str+3 Int+4 Slay+3} (curse)
Stlth    ..........             D - amulet of Qiakiot {Reflect rC+ SH+3}
HPRegen  0.00/turn              b - +6 ring of slaying
MPRegen  0.13/turn              F - ring of Uhifauck {MR++ Int+3 Dex+3}

@: rotting
A: rotting body, claws 1, carnivore, cold resistance 1, negative energy
resistance 3, inhibited regeneration, torment resistance, unbreathing
a: Trog's Hand, Brothers in Arms, Renounce Religion


You were on level 6 of the Lair of Beasts.
You worshipped Trog.
Trog was exalted by your worship.
You were not hungry.

You visited 3 branches of the dungeon, and saw 20 of its levels.
You also visited: Ossuary and Volcano.

You collected 1487 gold pieces.
You spent 378 gold pieces at shops.

Inventory:

Hand Weapons
 v - the +10 short sword of Forced Transition (weapon) {venom, Str+7 Dex-5}
   (You found it on level 4 of the Dungeon)

   It poisons the flesh of those it strikes.
   It affects your strength (+7).
   It affects your dexterity (-5).
 N - a +3 scimitar of flaming
Missiles
 d - 13 curare-tipped darts (quivered)
 H - a throwing net
 J - 6 atropa-tipped darts
Armour
 j - a +0 cloak of fire resistance
 m - a +3 chain mail of poison resistance (worn)
 r - a +2 helmet (worn)
 A - the +1 cloak "Hysoab" (worn) {rElec}
   (You bought it in a shop on level 5 of the Dungeon)

   It insulates you from electricity.
 L - a +1 shield of protection
 O - a +0 buckler (worn)
 P - the cursed +0 pair of boots of the Nexus (worn) {Str+3 Int+4 Slay+3}
   (You found it on level 1 of the Lair of Beasts)

   It affects your strength (+3).
   It affects your intelligence (+4).
   It affects your accuracy and damage with ranged weapons and melee attacks
   (+3).
   It has a curse placed upon it.
Jewellery
 b - a +6 ring of slaying (left claw)
 D - the amulet of Qiakiot (around neck) {Reflect rC+ SH+3}
   (You found it on level 7 of the Dungeon)

   [amulet of reflection]

   It shields you and reflects attacks.
   It protects you from cold.
   It affects your SH (+3).
 F - the ring of Uhifauck (right claw) {MR++ Int+3 Dex+3}
   (You found it on level 7 of the Dungeon)

   [ring of intelligence]

   It affects your intelligence (+3).
   It affects your dexterity (+3).
   It affects your resistance to hostile enchantments.
 M - an uncursed ring of protection from fire
Wands
 i - a wand of paralysis (10)
 n - a wand of disintegration (38)
 s - a wand of random effects (7)
 E - a wand of iceblast (19)
 I - a wand of flame (19)
 Q - a wand of scattershot (5)
 R - a wand of enslavement (9)
Scrolls
 a - 4 scrolls of identify
 f - 3 scrolls of fog
 h - 6 scrolls of blinking
 p - 5 scrolls of remove curse
 q - 9 scrolls of teleportation
 u - 2 scrolls of enchant armour
 y - 3 scrolls of magic mapping
 z - 2 scrolls of fear
 B - 5 scrolls of enchant weapon
 C - 4 scrolls of immolation
Potions
 e - 2 potions of heal wounds
 g - 2 potions of might
 k - a potion of resistance
 l - 3 potions of agility
 o - 2 potions of brilliance
 w - 2 potions of haste
 x - 6 potions of curing
 K - 3 potions of magic
Miscellaneous
 t - a phantom mirror
Comestibles
 c - 30 rations


   Skills:
 + Level 12.4 Fighting
 * Level 14.2 Long Blades
 + Level 10.5 Armour
 + Level 10.4 Dodging
 - Level 4.0 Shields


You had 13 spell levels left.
You didn't know any spells.
Your spell library was empty.

Dungeon Overview and Level Annotations

Branches:
Dungeon (13/15)            Temple (1/1) D:5            Lair (6/6) D:8
 Shoals (0/4) Lair:4       Spider (0/4) Lair:2        Slime (0/5) Lair:6
    Orc (0/2) D:12
 Vaults: D:13-14

Altars:
Ashenzari
Cheibriados
Dithmenos
Elyvilon
Gozag
Kikubaaqudgha
Ru
Sif Muna
Trog
Wu Jian
Xom
The Shining One

Shops:
D:5 *

Annotations:
D:5 1 runed translucent door, goulibeur's ghost, novice MiFi
D:6 exclusion: oklob plant
Lair:3 3 runed translucent doors, Ezoatsupp's ghost, journeyman HOFi


Innate Abilities, Weirdness & Mutations

Your body is rotting away.
You thrive on raw meat.
You are immune to poison.
You have sharp fingernails.
You are carnivorous and can eat meat at any time.
Your flesh is cold resistant. (rC+)
You are immune to negative energy. (rN+++)
You do not regenerate when monsters are visible.
You are immune to unholy pain and torment.
You can survive without breathing.


Message History

The blast of flame hits you!!
* * * LOW HITPOINT WARNING * * *
Eat a chunk of flesh? (ye/n/q)
You eat the chunk of flesh.
This raw flesh tastes great!
You block the lindwurm's attack. The lindwurm closely misses you.
The lindwurm claws you.
* * * LOW HITPOINT WARNING * * *
You barely miss the lindwurm.
The lindwurm is lightly wounded.
You block the lindwurm's attack.
The lindwurm claws you but does no damage. x2
The lava snake spits lava at you. The glob of lava misses you.
You impale the lindwurm!!
The lindwurm looks as sick as possible!
The lindwurm is severely wounded.
You hit the lindwurm but do no damage.
The lindwurm looks as sick as possible!
The lindwurm is severely wounded.
The lindwurm breathes flames at you. The blast of flame hits you!!!
You die...

##....###≈≈##$...
#8......#≈§# .
##.÷....≈§≈#
##.......≈≈§#
≈≈#........§§§#
#≈≈..........S§## .
##≈§.........##§####
#≈≈....)...##§≈≈§§
##§§.#....@#§§≈§§
#≈≈.#8#..#k..≈#
##§§###.##§§..# #8§
###≈§§§.....
#≈§§§##... ≈≈≈### ..
≈≈≈≈# . ##§≈≈ ###≈


You could see a lindwurm and a lava snake.

Vanquished Creatures
  Erolcha (D:12)
  A catoblepas (Lair:4)
  4 hydras
  Erica (D:11)
  An ogre mage (D:10)
  A centaur warrior (D:13)
  2 two-headed ogres (D:13)
  A tengu warrior (D:12)
  Urug (D:13)
  5 death yaks
  The ghost of p0werm0de the Grappler, a novice BaCK of Cheibriados (D:10)
  An unseen horror (D:13)
  2 lindwurms (Volcano)
  An ugly thing (D:13)
  A cyclops (D:8)
  A toenail golem (Volcano)
  7 black mambas
  6 molten gargoyles
  A centaur skeleton (D:11)
  2 gargoyles
  6 komodo dragons
  3 rime drakes
  7 spiny frogs
  A tengu conjurer (D:12)
  2 efreet (Volcano)
  A troll (D:13)
  A hornet (Lair:2)
  A polar bear (Lair:4)
  19 blink frogs
  8 slime creatures
  14 hippogriffs
  A spriggan (D:13)
  A wraith (D:10)
  38 yaks
  Eustachio (D:5)
  6 wyverns
  5 fire elementals (Volcano)
  3 hungry ghosts (D:12)
  3 basilisks
  3 vampire mosquitoes (D:13)
  A soldier ant (D:13)
  8 water moccasins
  6 porcupines
  7 hell hounds
  3 orc warriors
  2 ice beasts (D:10)
  6 ogres
  2 black bears
  6 sky beasts
  A phantom (D:12)
  5 centaurs
  11 wolves
  6 crocodiles
  6 big kobolds
  An earth elemental (Volcano)
  10 bullfrogs
  2 wyvern skeletons (D:9)
  2 water moccasin zombies
  5 scorpions
  A troll zombie (D:12)
  11 wights
  7 howler monkeys
  9 crimson imps
  3 lava snakes (Lair:6)
  A bullfrog zombie (D:12)
  4 centaur zombies
  9 jellies
  A quasit (D:11)
  2 bullfrog skeletons
  6 orc priests
  6 hounds
  Jessica (D:2)
  3 worker ants
  An iguana (D:12)
  5 orc wizards
  4 big kobold zombies (Ossuary)
  5 ogre zombies (D:12)
  2 hound skeletons
  6 mummies
  2 worker ant zombies (D:5)
  Robin (D:2)
  4 gnolls
  16 adders
  A howler monkey skeleton (D:11)
  2 oozes (D:6)
  3 adder skeletons
  7 worms
  2 dart slugs
  7 leopard geckos
  29 orcs
  14 bats
  11 giant cockroaches
  13 goblins
  12 hobgoblins
  7 jackals
  30 kobolds
  5 quokkas
  A ball python (D:2)
  5 frilled lizards
  A goblin skeleton (D:12)
  2 goblin zombies (D:12)
  7 hobgoblin zombies
  A jackal zombie (D:7)
  A kobold zombie (D:5)
  2 leopard gecko skeletons
  An orc skeleton (D:12)
  13 orc zombies
  5 rats
  A fire vortex (Volcano)
548 creatures vanquished.

Vanquished Creatures (others)
  A kobold (D:11)
  A fire vortex (Volcano)
  A fungus (D:8)
3 creatures vanquished.

Grand Total: 551 creatures vanquished

Notes
Turn   | Place    | Note
-------+----------+-------------------------------------------
     0 | D:1      | Lanoc the Ghoul Berserker began the quest for the Orb.
     0 | D:1      | Reached XP level 1. HP: 19/19 MP: 0/0
   113 | D:1      | Reached XP level 2. HP: 2/26 MP: 1/1
   444 | D:1      | Reached skill level 3 in Long Blades
   789 | D:1      | Reached XP level 3. HP: 27/31 MP: 2/2
   819 | D:2      | Noticed Jessica
   841 | D:2      | Killed Jessica
   943 | D:1      | Reached XP level 4. HP: 22/40 MP: 3/3
  1090 | D:2      | Reached ** piety under Trog
  1258 | D:2      | Noticed Robin
  1315 | D:2      | Reached XP level 5. HP: 21/46 MP: 4/4
  1329 | D:2      | Killed Robin
  1527 | D:2      | Reached skill level 4 in Long Blades
  1733 | D:3      | Reached *** piety under Trog
  1847 | D:3      | Reached XP level 6. HP: 37/52 MP: 5/5
  2054 | D:3      | Found a faded altar of an unknown god.
  2096 | D:3      | Found a snail-covered altar of Cheibriados.
  2512 | D:4      | Reached **** piety under Trog
  2556 | D:4      | Noticed a sky beast
  2567 | D:4      | Killed a sky beast
  2567 | D:4      | Reached XP level 7. HP: 20/60 MP: 6/6
  2609 | D:4      | Found a sacrificial altar of Ru.
  2692 | D:4      | Reached skill level 5 in Long Blades
  2775 | D:4      | Got an ichor-stained short sword
  2776 | D:4      | Identified the +10 short sword of Forced Transition {venom,
                  | Str+7 Dex-5} (You found it on level 4 of the Dungeon)
  2916 | D:5      | Entered Level 5 of the Dungeon
  2916 | D:5      | Found an ancient bone altar of Kikubaaqudgha.
  2916 | D:5      | Found a shimmering altar of Xom.
  2954 | D:5      | Found a runed translucent door.
  2954 | D:5      | Noticed goulibeur's ghost (novice MiFi)
  2988 | D:5      | Found a sand-covered staircase.
  2993 | Ossuary  | Entered an ossuary
  2997 | Ossuary  | Reached skill level 5 in Fighting
  3282 | D:5      | Found a staircase to the Ecumenical Temple.
  3303 | Temple   | Entered the Ecumenical Temple
  3349 | D:5      | Reached XP level 8. HP: 68/68 MP: 7/7
  3653 | D:5      | Found Xeorgh's Assorted Antiques.
  3662 | D:5      | Bought a scroll labeled TEXAOK ALIVEYK for 28 gold pieces
  3662 | D:5      | Bought a scroll labeled PUETHR BOCIETU for 28 gold pieces
  3662 | D:5      | Bought a scroll of identify for 56 gold pieces
  4000 | D:5      | Found a bloodstained altar of Trog.
  4022 | D:5      | Noticed Eustachio
  4030 | D:5      | Killed Eustachio
  4030 | D:5      | Reached skill level 6 in Long Blades
  4247 | D:6      | Reached ***** piety under Trog
  4506 | D:6      | Found a shattered altar of Ashenzari.
  4508 | D:6      | Noticed an oklob plant
  4853 | D:6      | Found an ornate altar of the Wu Jian Council.
  5045 | D:7      | Found a glowing golden altar of the Shining One.
  5291 | D:5      | Bought a heavily runed cloak for 266 gold pieces
  5302 | D:5      | Identified the +1 cloak "Hysoab" {rElec} (You bought it in
                  | a shop on level 5 of the Dungeon)
  5520 | D:7      | Found a deep blue altar of Sif Muna.
  5721 | D:7      | Reached skill level 7 in Long Blades
  5721 | D:7      | Reached XP level 9. HP: 64/77 MP: 8/8
  5761 | D:7      | Reached skill level 5 in Armour
  5761 | D:7      | Reached skill level 5 in Dodging
  5806 | D:7      | Identified the ring "Dozo" {*Slow rPois EV+4 Dex+4}
  5823 | D:7      | Noticed a four-headed hydra
  5831 | D:7      | Killed a four-headed hydra
  5831 | D:7      | Reached skill level 8 in Long Blades
  5852 | D:7      | Got a heavily runed emerald amulet
  5853 | D:7      | Identified the amulet of Qiakiot {Reflect rC+ SH+3} (You
                  | found it on level 7 of the Dungeon)
  5862 | D:7      | Got a wavering ivory ring
  5863 | D:7      | Identified the ring "Xull" {*Corrode rC- rN+++ MR+++ Dex+3}
                  | (You found it on level 7 of the Dungeon)
  5867 | D:7      | Got a glittering turquoise ring
  6010 | D:7      | Identified the ring of Uhifauck {MR++ Int+3 Dex+3} (You
                  | found it on level 7 of the Dungeon)
  6105 | D:8      | Reached XP level 10. HP: 78/86 MP: 9/9
  6463 | D:8      | Found a staircase to the Lair.
  6591 | D:8      | Noticed a cyclops
  6605 | D:8      | Killed a cyclops
  6608 | D:8      | Reached skill level 9 in Long Blades
  7448 | D:10     | Entered Level 10 of the Dungeon
  7660 | D:10     | Found a runed translucent gate.
  7660 | D:10     | Found an opulent altar of Gozag.
  7661 | D:10     | Found a runed translucent gate.
  7661 | D:10     | Found a runed translucent gate.
  7662 | D:10     | Noticed an ogre mage
  7662 | D:10     | Noticed p0werm0de's ghost (novice BaCK)
  8275 | D:10     | Killed p0werm0de's ghost
  8275 | D:10     | Received a gift from Trog
  8275 | D:10     | Reached skill level 10 in Long Blades
  8275 | D:10     | Reached XP level 11. HP: 67/95 MP: 10/10
  8297 | D:10     | Killed an ogre mage
  8557 | D:11     | Received a gift from Trog
  8672 | D:11     | Noticed Erica
  8681 | D:11     | Killed Erica
  8789 | D:11     | Noticed a four-headed hydra
  8798 | D:11     | Killed a two-headed hydra
  8876 | D:11     | Reached skill level 11 in Long Blades
  9042 | D:11     | Found a bloodstained altar of Trog.
  9341 | D:12     | Reached XP level 12. HP: 103/106 MP: 11/11
  9363 | D:12     | Reached ****** piety under Trog
  9377 | D:12     | Received a gift from Trog
  9424 | D:12     | Found a staircase to the Orcish Mines.
  9441 | D:12     | Noticed a tengu warrior
  9453 | D:12     | Reached skill level 10 in Fighting
  9463 | D:12     | Killed a tengu warrior
  9600 | D:12     | Reached skill level 1 in Shields
  9657 | D:12     | Noticed Erolcha
  9658 | D:12     | Found an ancient bone altar of Kikubaaqudgha.
  9665 | D:12     | Killed Erolcha
 10220 | D:13     | Noticed a two-headed ogre
 10228 | D:13     | Killed a two-headed ogre
 10273 | D:13     | Noticed a centaur warrior
 10283 | D:13     | Killed a centaur warrior
 10375 | D:13     | Noticed a five-headed hydra
 10384 | D:13     | Killed a two-headed hydra
 10384 | D:13     | Reached skill level 12 in Long Blades
 10624 | D:13     | Received a gift from Trog
 10655 | D:13     | Noticed a vault guard
 10655 | D:13     | Noticed a two-headed ogre
 10663 | D:13     | Killed a two-headed ogre
 10701 | D:13     | Noticed a vault guard
 10754 | D:13     | Noticed Urug
 10775 | D:13     | Killed Urug
 10968 | Lair:1   | Entered Level 1 of the Lair of Beasts
 10984 | Lair:1   | Got a pair of shimmering boots
 10990 | Lair:1   | Identified the cursed +0 pair of boots of the Nexus {Str+3
                  | Int+4 Slay+3} (You found it on level 1 of the Lair of
                  | Beasts)
 11007 | Lair:1   | Reached XP level 13. HP: 115/115 MP: 12/12
 12026 | Lair:2   | Found a hole to the Spider Nest.
 12583 | Lair:3   | Found a dark tunnel.
 12593 | Volcano  | Entered a volcano
 12936 | Volcano  | Reached skill level 13 in Long Blades
 14044 | Lair:3   | Found a snail-covered altar of Cheibriados.
 14168 | Lair:3   | Found a runed translucent gate.
 14172 | Lair:3   | Found a runed translucent gate.
 14173 | Lair:3   | Found a runed translucent gate.
 14186 | Lair:3   | Noticed Ezoatsupp's ghost (journeyman HOFi)
 14238 | Lair:3   | Noticed a minotaur
 14840 | Lair:3   | Reached XP level 14. HP: 59/125 MP: 13/13
 15091 | Lair:4   | Found a staircase to the Shoals.
 15101 | Lair:4   | Reached skill level 10 in Armour
 15129 | Lair:4   | Received a gift from Trog
 15142 | Lair:4   | Reached skill level 10 in Dodging
 15368 | Lair:4   | Found a shadowy altar of Dithmenos.
 15883 | Lair:5   | Reached skill level 14 in Long Blades
 16253 | Lair:6   | Entered Level 6 of the Lair of Beasts
 16254 | Lair:6   | Found a staircase to the Slime Pits.
 16262 | Lair:6   | Received a gift from Trog
 16670 | Lair:6   | Killed from afar by a lindwurm

Levels and vault maps discovered:
D:1:      elethiomel_arrival_maze, layout_loops_ring, minmay_tromino_mix6
D:2:      layout_rooms, first_ration, st_stairs_8, grunt_ministairs_2,
          item_on_display_a, uniq_jessica, uniq_robin
D:3:      layout_loops_ring, lemuel_crystal_altar,
          chequers_ecumenical_altar_lobes
D:4:      layout_basic, lemuel_doored_altar, interstate_on_off
D:5:      layout_basic, bloody_trog, gammafunk_temple_overflow_elements,
          minmay_temple_entry_ruins, nicolae_ossuary_entry_giza, serial_shops,
          nicolae_shop_stone, hellmonk_ghost_happy_afterlife, uniq_eustachio
D:6:      layout_loops_ring, lemuel_coloured_pillars_altar, lemuel_oklob_altar
D:7:      minmay_the_grid_triangle_9x9_rhombus_thin
          [minmay_the_grid_triangle_9x9_steps,
          minmay_the_grid_triangle_9x9_prize_special,
          minmay_the_grid_triangle_9x9_from_above,
          minmay_the_grid_triangle_9x9_longest], layout_basic,
          nicolae_overflow_crystal_walls, led_sif_pool
D:8:      minmay_bloctagon, layout_basic, grunt_lair_entry_orc_guard_hut
D:9:      layout_irregular_city
D:10:     layout_stronghold, ebering_ghost_gozag
D:11:     layout_loops_ring, basic_altar, uniq_erica
D:12:     layout_loops_corners, zombieorc1_lemuel, basic_altar, uniq_erolcha
D:13:     layout_roguey, grunt_vaults_entry_fortified, serial_shops, shop,
          the_bakery, uniq_urug
Temple:   regret_index_temple_waves
Lair:1:   layout_cave_pods, lemuel_fruit_fields, grunt_megastairs_5
Lair:2:   layout_roguey, nicolae_spider_entry_non_spiders, serial_rivers,
          chequers_serial_rivers_small_3, chequers_serial_rivers_micro_e,
          chequers_serial_rivers_room_a, chequers_serial_rivers_micro_d,
          chequers_serial_rivers_small_a
Lair:3:   layout_gridlike, enter_volcano_3, maelrawn_ghost_gauntlet_escape,
          basic_altar, minivault_25
Lair:4:   beast_lair_carwin_large_4, layout_misc_corridors,
          elwin_shoals_entry_rocks, basic_altar, st_stairs_10,
          chequers_serial_rivers_small_b, chequers_serial_rivers_small_b
Lair:5:   layout_misc_corridors
Lair:6:   cheibrodos_lair_end_hotspot, layout_gridlike,
          minmay_slime_entry_pillars, chequers_serial_rivers_small_a,
          serial_bayou_pond_a

Skill      XL: |  1  2  3  4  5  6  7  8  9 10 11 12 13 14 |
---------------+-------------------------------------------+-----
Armour         | 2 3 4 5 7 8 9 10 | 10.5
Dodging        | 2 3 4 5 7 8 9 10 | 10.4
Long Blades    | 3 4 5 7 8 10 11 12 13 14 | 14.2
Fighting       | 4 5 6 7 8 9 10 11 12 | 12.4
Shields        | 3 4 |  4.0

Action                   |  1- 3 |  4- 6 |  7- 9 | 10-12 | 13-15 || total
-------------------------+-------+-------+-------+-------+-------++-------
Melee: Falchion          |   117 |   226 |    17 |       |       ||   360
       Short sword       |       |       |   208 |   651 |   609 ||  1468
       Scimitar          |       |       |       |     9 |       ||     9
Throw: Dart              |       |     5 |       |       |       ||     5
  Use: Scroll            |     2 |     3 |    10 |     8 |     3 ||    26
       Potion            |       |     4 |     3 |       |     1 ||     8
 Stab: Sleeping          |     1 |       |       |       |       ||     1
  Eat: Chunk             |    14 |    36 |    20 |    67 |    47 ||   184
       Ration            |       |       |       |       |     1 ||     1
Armor: Animal skin       |    39 |       |       |       |       ||    39
       Robe              |     1 |    28 |       |       |       ||    29
       Ring mail         |       |    46 |    52 |       |       ||    98
       Chain mail        |       |       |    46 |   302 |   217 ||   565
Dodge: Dodged            |   120 |   179 |    99 |   252 |   290 ||   940
Block: Other             |       |       |       |    35 |       ||    35
       Reflection        |       |       |       |     8 |     2 ||    10
       Buckler           |       |       |       |    56 |   175 ||   231
       Shield            |       |       |       |     7 |       ||     7
       Rpst.: Falchion   |    29 |    48 |     1 |       |       ||    78
       Scimitar          |       |       |       |     1 |       ||     1

Table legend:
 A = Non-vault XP
 B = Vault XP
 C = Vault XP percentage of total XP
 D = Non-vault monster count
 E = Vault monster count
 F = Vault count percentage of total count
                 A         B        C        D         E       F
            +---------+---------+-------+---------+---------+-------
      Total |   44223 |   29231 |  39.8 |     373 |     174 |  31.8
            +---------+---------+-------+---------+---------+-------
        D:1 |      45 |       8 |  15.1 |      17 |       5 |  22.7
        D:2 |     117 |      72 |  38.1 |      25 |      13 |  34.2
        D:3 |     184 |       0 |   0.0 |      38 |       0 |   0.0
        D:4 |     304 |       0 |   0.0 |      16 |       0 |   0.0
        D:5 |     329 |     228 |  40.9 |      13 |       4 |  23.5
        D:6 |     390 |       0 |   0.0 |      15 |       0 |   0.0
        D:7 |     535 |    1866 |  77.7 |       9 |      14 |  60.9
        D:8 |     240 |    1902 |  88.8 |       6 |      18 |  75.0
        D:9 |     737 |       0 |   0.0 |      12 |       0 |   0.0
       D:10 |    1785 |    1951 |  52.2 |      17 |       5 |  22.7
       D:11 |    5255 |     923 |  14.9 |      47 |       1 |   2.1
       D:12 |    4839 |    1678 |  25.7 |      33 |      29 |  46.8
       D:13 |    7146 |    1059 |  12.9 |      31 |       2 |   6.1
     Lair:1 |    3908 |     105 |   2.6 |      17 |       1 |   5.6
     Lair:2 |    2406 |     445 |  15.6 |      11 |       8 |  42.1
     Lair:3 |    6151 |    2782 |  31.1 |      24 |       8 |  25.0
     Lair:4 |    5289 |    4853 |  47.9 |      24 |      11 |  31.4
     Lair:5 |    3226 |       0 |   0.0 |      13 |       0 |   0.0
     Lair:6 |    1337 |    5892 |  81.5 |       5 |      26 |  83.9
    Ossuary |       0 |     244 | 100.0 |       0 |      14 | 100.0
    Volcano |       0 |    5223 | 100.0 |       0 |      15 | 100.0
            +---------+---------+-------+---------+---------+-------
